 Dungeon Crawl Stone Soup version 0.25-a0-934-g041635d5d1 (webtiles) character file.

Game seed: 12392280009058477692, levelgen mode: deterministic

489023 Nixze the Gelid (level 23, -34/209 HPs)
             Began as a Grey Draconian Ice Elementalist on May 4, 2020.
             Was the Champion of Vehumet.
             Killed from afar by a tengu reaver (51 damage)
             ... with a bolt of lightning
             ... on level 4 of the Depths.
             The game lasted 04:42:48 (76292 turns).

Nixze the Gelid (Grey Draconian Ice Elementalist)  Turns: 76292, Time: 04:42:49

Health: -34/209    AC: 22    Str: 13    XL:     23   Next: 84%
Magic:  43/54      EV: 21    Int: 28    God:    Vehumet [******]
Gold:   3417       SH:  7    Dex: 12    Spells: 11/56 levels left

rFire    + . .     SeeInvis .   b - staff of energy
rCold    + . .     Gourm    .   e - +2 buckler {rC+}
rNeg     + . .     Faith    .   (armour unavailable)
rPois    .         Spirit   .   J - +3 hat of Pondering {ponderous, MR+ MP+10 Int+5}
rElec    .         Reflect  .   G - scarf {repulsion}
rCorr    .         Harm     .   N - +1 pair of gloves
MR       ++...                  w - +0 pair of boots
Stlth    +.........             z - amulet of magic regeneration
HPRegen  0.44/turn              A - ring of protection from fire
MPRegen  0.59/turn              K - ring of positive energy

@: lethally poisoned (-34 -> -35), silence, hasted, repel missiles, very quick
A: walk through water, unfitting armour, unbreathing, cold-blooded, AC +16
}: 2/15 runes: decaying, gossamer
a: Renounce Religion


You were on level 4 of the Depths.
You worshipped Vehumet.
Vehumet was exalted by your worship.
You were not hungry.

You visited 9 branches of the dungeon, and saw 44 of its levels.

You collected 5256 gold pieces.
You spent 1839 gold pieces at shops.

Inventory:

Hand Weapons
 m - a +9 demon whip of protection
Armour
 e - a +2 buckler of cold resistance (worn)
 w - a +0 pair of boots (worn)
 G - a scarf of repulsion (worn)
 J - the +3 hat of Pondering (worn) {ponderous, MR+ MP+10 Int+5}
   (You found it on level 12 of the Dungeon)

   It affects your intelligence (+5).
   It affects your resistance to hostile enchantments.
   It affects your magic capacity (+10).
 N - a +1 pair of gloves (worn)
Magical Staves
 b - an uncursed staff of energy (weapon)
Jewellery
 a - an uncursed ring of protection from cold
 z - an amulet of magic regeneration (around neck)
 A - a ring of protection from fire (left hand)
 H - the ring of Fragile Peace {Fire SInv}
   (You bought it in a shop on level 1 of the Depths)

   [ring of fire]

   It enhances your fire magic.
   It protects you from fire.
   It makes you vulnerable to cold.
   It lets you see invisible.
 K - a ring of positive energy (right hand)
 W - an uncursed ring of poison resistance
 Z - an uncursed ring of protection from cold
Wands
 c - a wand of enslavement (10)
 f - a wand of acid (25)
 l - a wand of random effects (83)
 t - a wand of paralysis (32)
 C - a wand of digging (15)
 F - a wand of disintegration (17)
 O - a wand of flame (49)
 Q - a wand of clouds (16)
 S - a wand of iceblast (21)
 V - a wand of polymorph (4)
Scrolls
 g - a scroll of silence
 j - 28 scrolls of remove curse
 o - 28 scrolls of identify
 q - 15 scrolls of teleportation
 r - a scroll of holy word
 v - 5 scrolls of enchant weapon
 D - 9 scrolls of amnesia
 Y - 6 scrolls of magic mapping
Potions
 h - 5 potions of might
 k - 2 potions of resistance
 n - 3 potions of cancellation
 p - 2 potions of invisibility
 s - 21 potions of curing
 u - 8 potions of lignification
 x - 11 potions of stabbing
 B - 6 potions of mutation
 E - 7 potions of brilliance
 I - 2 potions of magic
 L - 13 potions of heal wounds
 M - 7 potions of flight
 T - 5 potions of ambrosia
 U - 2 potions of haste
Miscellaneous
 X - a phial of floods
Comestibles
 d - 44 rations


   Skills:
 + Level 18.1 Fighting
   Level 5.9 Long Blades
 - Level 6.0 Maces & Flails
 + Level 15.7 Dodging
 - Level 1.7 Stealth
 - Level 4.0 Shields
 * Level 17.3 Spellcasting
 - Level 12.0 Conjurations
 - Level 2.0 Charms
 - Level 3.0 Translocations
 * Level 20.8 Ice Magic
 - Level 11.9 Air Magic
 - Level 10.0 Evocations


You had 11 spell levels left.
You knew the following spells:

 Your Spells              Type           Power        Failure   Level  Hunger
a - Freeze                Ice            ####         0%          1    None
b - Frozen Ramparts       Ice            ######       0%          3    None
c - Ozocubu's Armour      Chrm/Ice       ######..     1%          3    None
d - Blink                 Tloc           N/A          1%          2    None
e - Freezing Cloud        Conj/Ice/Air   #######...   1%          6    None
f - Lightning Bolt        Conj/Air       #######...   1%          5    None
g - Metabolic Englaciati  Hex/Ice        ######....   1%          5    None
h - Ozocubu's Refrigerat  Ice            #######...   1%          6    None
i - Irradiate             Conj/Tmut      ######....   1%          5    None
j - Absolute Zero         Ice            #######...   11%         9    None

Your spell library contained the following spells:

 Spells                   Type           Power        Failure   Level  Hunger
 Ignition                 Fire           ###.......   100%        8    None
 Fire Storm               Conj/Fire      ######....   100%        9    None
 Magic Dart               Conj           ####         0%          1    None
 Shock                    Conj/Air       ####         0%          1    None
 Searing Ray              Conj           ######       0%          2    None
 Hailstorm                Conj/Ice       #######.     0%          4    None
 Animate Skeleton         Necr           N/A          1%          1    None
 Apportation              Tloc           #####.       1%          1    None
 Corona                   Hex            ###....      1%          1    None
 Infusion                 Chrm           ####         1%          1    None
 Pain                     Necr           ###.         1%          1    None
 Sandblast                Erth           ###...       1%          1    None
 Sting                    Tmut/Pois      ###.         1%          1    None
 Summon Butterflies       Summ           ###.....     1%          1    None
 Summon Small Mammal      Summ           ###.         1%          1    None
 Corpse Rot               Necr/Air       N/A          1%          2    None
 Ensorcelled Hibernation  Hex/Ice        ######       1%          2    None
 Poisonous Vapours        Pois/Air       ######       1%          2    None
 Shroud of Golubria       Chrm/Tloc      #####.       1%          2    None
 Song of Slaying          Chrm           #####...     1%          2    None
 Conjure Flame            Conj/Fire      ######..     1%          3    None
 Dazzling Flash           Conj/Hex       ######       1%          3    None
 Gell's Gravitas          Tloc           #####.....   1%          3    None
 Ignite Poison            Fire/Tmut/Pois ###.....     1%          3    None
 Lesser Beckoning         Tloc           #####.....   1%          3    None
 Mephitic Cloud           Conj/Pois/Air  ######..     1%          3    None
 Stone Arrow              Conj/Erth      ######       1%          3    None
 Fulminant Prism          Conj/Hex       ######....   1%          4    None
 Iskenderun's Mystic Bla  Conj/Tloc      ######..     1%          4    None
 Summon Ice Beast         Ice/Summ       ######..     1%          4    None
 Iskenderun's Battlesphe  Conj/Chrm      ######..     1%          5    None
 Call Imp                 Summ           ###.....     2%          2    None
 Passwall                 Tmut/Erth      ###.....     2%          2    None
 Slow                     Hex            ###.....     2%          2    None
 Bolt of Magma            Conj/Fire/Erth #####.....   2%          5    None
 Spectral Weapon          Hex/Chrm       ####....     3%          3    None
 Orb of Destruction       Conj           #######...   3%          7    None
 Silence                  Hex/Air        ######....   4%          5    None
 Call Canine Familiar     Summ           ###.....     5%          3    None
 Confusing Touch          Hex            ###.....     5%          3    None
 Tukima's Dance           Hex            ###.....     5%          3    None
 Vampiric Draining        Necr           ###.......   5%          3    None
 Olgreb's Toxic Radiance  Pois           ###.....     5%          4    None
 Iron Shot                Conj/Erth      ######....   7%          6    None
 Lee's Rapid Deconstruct  Erth           ###.......   13%         5    None
 Yara's Violent Unravell  Hex/Tmut       ###.......   13%         5    None
 Animate Dead             Necr           N/A          19%         4    None
 Leda's Liquefaction      Hex/Erth       ###.......   19%         4    None
 Petrify                  Tmut/Erth      ###.....     19%         4    None
 Spellforged Servitor     Conj/Summ      ######....   32%         7    None
 Agony                    Necr           ###.....     45%         5    None
 Alistair's Intoxication  Tmut/Pois      ###.....     45%         5    None
 Borgnjor's Vile Clutch   Necr/Erth      ###.......   45%         5    None
 Summon Mana Viper        Hex/Summ       ###.....     45%         5    None
 Darkness                 Hex            ###.......   96%         6    None
 Invisibility             Hex            ###.....     96%         6    None
 Shadow Creatures         Summ           N/A          96%         6    None
 Statue Form              Tmut/Erth      ###......    96%         6    None
 Summon Hydra             Summ           ###.......   100%        7    None
 Shatter                  Erth           ###.......   100%        9    None


Dungeon Overview and Level Annotations

Branches:
Dungeon (15/15)            Temple (1/1) D:7            Lair (6/6) D:11
  Swamp (4/4) Lair:2       Spider (4/4) Lair:2        Slime (0/5) Lair:6
    Orc (2/2) D:11            Elf (3/3) Orc:2        Vaults (4/5) D:13
  Crypt (0/3) Vaults:3     Depths (5/5) D:15
    Zot: Depths:5

Altars:
Ashenzari
Cheibriados
Dithmenos
Elyvilon
Fedhas
Gozag
Hepliaklqana
Kikubaaqudgha
Makhleb
Nemelex Xobeh
Okawaru
Qazlal
Ru
Sif Muna
Trog
Uskayaw
Vehumet
Wu Jian
Xom
Yredelemnul
Zin
The Shining One
Beogh
Jiyva

Shops:
D:11 !   Orc:2 }[:*   Elf:1 (   Elf:2 :   Vaults:4 ([   Depths:1 }=}?

Portals:
Hell: Depths:1 Depths:2 Depths:3 Depths:4 Depths:5
Abyss: Depths:2 Depths:4
Pandemonium: Depths:2 Depths:3
Ziggurat: Depths:1

Annotations:
D:6 1 runed translucent door, Conn's ghost, novice DEWz
D:8 exclusion: door
D:9 exclusion: 2 doors, Psyche
D:10 1 runed translucent door, kelmiir's ghost, journeyman GnFi
Lair:6 3 runed translucent doors, exclusion: 3 doors, Necrophagist's ghost, journeyman DsNe
Orc:2 2 runed translucent doors, exclusion: orange crystal statue
Elf:2 3 runed translucent doors, exclusion: 3 doors


Innate Abilities, Weirdness & Mutations

You can walk through water.
Your dull iron-grey scales are very hard. (AC +16)
You cannot fit into any form of body armour.
You can survive without breathing.
You are cold-blooded and may be slowed by cold attacks.


Message History

You feel sick.
You feel sick.
There is a stone staircase leading up here.
You climb upwards. 2 shadow dragons, 2 dancing weapons and a tengu reaver come into view.
There is a +1 antimagic scythe.
There is a +1 antimagic scythe.
The caustic shrike claws you!
* * * LOW HITPOINT WARNING * * *
You are splashed with acid.
* * * LOW HITPOINT WARNING * * *
The shadow dragon breathes negative energy at you.
The bolt of negative energy misses you. The caustic shrike closely misses you.
The +1 antimagic scythe hits you from afar!
* * * LOW HITPOINT WARNING * * *
You feel your power leaking away.
The shadow dragon breathes negative energy at you.
The bolt of negative energy misses you.
The tengu reaver gestures at you while chanting.
The bolt of lightning hits you!!!
You die...

###..##......###.###..###.
#######.#####.......##..§§...#..
##.#...#.## ###########..§......
#.........# ### ##≈§......
#.....##.## ##### ##≈..≈§..
#...[...## ##.#.## #.......
##......# #..#..# ##......
##..≈.## ##.....# ##.....
#...§§## #.b@# ##..... ###..≈.#
#.........# #......
#....#...'...(..#..+ #..#.(.
#....##..#...._.D. # #.####[
##...#...'(.#...... #....#.
####..#..##......D..# #......
#....### ##Q.^#<..## #......
#....## ##.....## ##.....
##..#.# .#. ##.....


You could see 2 shadow dragons, a caustic shrike, a tengu reaver and 2 dancing
weapons.

Vanquished Creatures
  A juggernaut (Depths:5)
  Sojobo (Depths:2)
  Bai Suzhen (Spider:4)
  Saint Roka (Vaults:1)
  Xtahua (Depths:4)
  the Enchantress (Depths:2)
  A bone dragon (Depths:5)
  3 liches
  2 tentacled monstrosities
  3 titans
  2 deep elf blademasters (Elf:3)
  2 deep elf master archers (Elf:3)
  A quicksilver dragon (Depths:5)
  Kirke (Lair:6)
  7 tengu reavers
  2 sphinxes
  A shadow dragon (Depths:5)
  5 thorn hunters
  Donald (Vaults:1)
  8 fire giants
  7 frost giants
  7 deep elf sorcerers
  A ghost moth (Spider:3)
  A draconian shifter (Depths:5)
  Aizul (Spider:3)
  6 emperor scorpions (Spider:4)
  7 vault wardens
  Louise (Swamp:2)
  A draconian annihilator (Depths:5)
  A draconian stormcaller (Depths:5)
  6 deep elf elementalists
  5 spriggan defenders
  A war gargoyle (Vaults:4)
  7 ironheart preservers
  7 deep elf demonologists
  3 entropy weavers
  A vampire knight (Depths:1)
  29 very ugly things
  15 stone giants
  A green draconian (Depths:5)
  3 dire elephants (Lair:6)
  6 spark wasps
  2 white draconians (Depths:5)
  5 deep elf annihilators (Elf:3)
  A merfolk impaler (Depths:2)
  A red draconian (Depths:5)
  9 deep elf death magi
  8 ettins
  8 fire dragons
  Josephine (Lair:4)
  2 deep elf high priests (Elf:3)
  Erolcha (D:11)
  8 great orbs of eyes
  12 ice dragons
  6 rakshasas
  12 ogre magi
  2 shambling mangroves (Swamp:3)
  A ghost crab (Swamp:1)
  11 yaktaur captains
  10 spriggan air magi
  39 hydras
  An anaconda (Lair:6)
  A death knight (D:15)
  16 dancing weapons
  11 alligators
  10 centaur warriors
  34 two-headed ogres
  5 death yaks
  Urug (D:11)
  9 tengu warriors
  2 hell hogs (Depths:2)
  13 deep troll shamans
  6 deep troll earth magi
  An orc high priest (Orc:2)
  5 spriggan berserkers
  A vampire mage (Depths:2)
  Nergalle (Lair:1)
  9 deep elf knights
  A fire crab (D:13)
  4 skeletal warriors
  5 iron trolls
  3 glowing orange brains
  An unseen horror (shapeshifter) (Vaults:2)
  3 unseen horrors
  A lindwurm (shapeshifter) (Vaults:4)
  A flayed ghost (Depths:1)
  2 spriggan druids
  35 deep trolls
  13 swamp dragons
  8 wizards
  7 orc knights
  A phantasmal warrior (Vaults:3)
  13 ironbrand convokers
  15 deep elf archers
  3 harpies
  2 orb spiders (shapeshifter)
  4 necromancers
  31 wolf spiders
  A sphinx zombie (Depths:2)
  45 ugly things
  22 orb spiders
  61 deep elf magi
  3 orc sorcerers
  An oklob plant (Lair:6)
  10 cyclopes
  4 manticores (Elf:3)
  2 moths of wrath
  7 elephants (Lair:6)
  A naga mage (D:15)
  13 vault sentinels
  A black mamba (shapeshifter) (Vaults:2)
  A torpor snail (Spider:2)
  A torpor snail (shapeshifter) (Depths:5)
  2 frost giant skeletons
  2 gargoyles
  2 yaktaurs (shapeshifter)
  8 black mambas
  3 kobold demonologists
  24 spiny frogs
  11 demonic crawlers
  3 rime drakes
  2 human zombies
  4 freezing wraiths
  A komodo dragon (shapeshifter) (Vaults:2)
  7 komodo dragons
  29 yaktaurs
  A queen bee (shapeshifter) (Vaults:4)
  4 tengu conjurers
  2 trolls (shapeshifter)
  A yaktaur skeleton (Vaults:2)
  A harpy zombie (D:15)
  15 trolls
  12 tyrant leeches
  41 jumping spiders
  Grinder (D:5)
  An ettin zombie (Vaults:2)
  24 hornets
  4 polar bears
  19 bog bodies
  30 slime creatures
  2 dream sheep (D:8)
  A raiju (shapeshifter) (Vaults:1)
  A meliai zombie (D:14)
  A hippogriff (shapeshifter) (Depths:1)
  12 blink frogs
  8 hippogriffs
  4 air elementals
  84 redbacks
  A vampire (D:13)
  8 water elementals
  A spriggan (shapeshifter) (Depths:1)
  13 spriggans
  3 shadows
  25 tarantellas
  3 wyverns
  2 fire elementals
  5 hogs
  7 wraiths
  Eustachio (D:6)
  16 humans (D:13)
  37 yaks
  A human (shapeshifter) (Depths:5)
  3 basilisks
  5 hungry ghosts
  A steam dragon (D:9)
  A yaktaur simulacrum (Vaults:3)
  Edmund (D:6)
  24 vampire mosquitoes
  14 swamp worms
  3 wargs
  2 acid dragons
  18 insubstantial wisps
  A soldier ant (shapeshifter) (Vaults:2)
  An acid dragon (shapeshifter) (Depths:2)
  11 porcupines
  7 hell hounds
  A floating eye (shapeshifter) (Vaults:4)
  35 water moccasins
  19 swamp drakes
  5 ice beasts
  28 orc warriors
  4 black bears
  An eye of draining (D:10)
  7 sky beasts
  6 phantoms
  An eye of draining (shapeshifter) (Depths:2)
  4 wolves
  7 centaurs
  A spriggan simulacrum (Depths:2)
  47 ogres
  A wolf (shapeshifter) (Depths:5)
  11 boggarts
  11 crocodiles
  6 big kobolds
  30 bullfrogs
  2 earth elementals (Elf:1)
  A wyvern zombie (D:11)
  An elf simulacrum (Vaults:1)
  3 scorpions
  9 killer bees
  8 wights
  2 howler monkeys (D:12)
  6 electric eels
  9 crimson imps
  6 bullfrog zombies
  3 centaur zombies
  4 human simulacra
  A jelly (D:13)
  A quasit (Depths:2)
  12 orc priests
  A hound (D:10)
  8 centaur skeletons
  15 orc wizards
  4 bullfrog skeletons
  5 iguanas
  5 hell rats (Lair:4)
  10 worker ants
  A hound zombie (D:6)
  7 gnolls (D:6)
  A howler monkey skeleton (D:5)
  A gnoll (shapeshifter) (Depths:2)
  25 adders
  6 shadow imps
  An ooze (D:6)
  An adder skeleton (D:5)
  2 adder zombies
  5 worms
  5 leopard geckos
  92 orcs
  6 bats
  6 giant cockroaches
  5 goblins
  5 hobgoblins
  16 jackals
  16 kobolds
  9 quokkas
  3 ball pythons
  6 frilled lizards
  A giant cockroach zombie (D:5)
  A jackal zombie (D:5)
  A leopard gecko skeleton (D:4)
  A quokka zombie (D:5)
  6 rats
  26 briar patches
  6 plants
1937 creatures vanquished.

Vanquished Creatures (others)
  A ghost moth (Spider:4)
  2 jumping spiders (Spider:4)
  A tyrant leech (Swamp:2)
  A redback (Spider:4)
  59 fungi
  71 plants
135 creatures vanquished.

Grand Total: 2072 creatures vanquished

Notes
Turn   | Place    | Note
-------+----------+-------------------------------------------
     0 | D:1      | Nixze the Draconian Ice Elementalist began the quest for
                  | the Orb.
     0 | D:1      | Reached XP level 1. HP: 14/14 MP: 3/3
   388 | D:1      | Reached XP level 2. HP: 20/20 MP: 1/5
  1144 | D:2      | Reached skill level 5 in Ice Magic
  1287 | D:2      | Reached XP level 3. HP: 23/26 MP: 3/6
  1548 | D:2      | Found a blossoming altar of Fedhas.
  1746 | D:2      | Reached XP level 4. HP: 33/33 MP: 5/7
  1770 | D:2      | Learned a level 3 spell: Frozen Ramparts
  1774 | D:2      | Learned a level 3 spell: Ozocubu's Armour
  2031 | D:2      | Found a stormy altar of Qazlal.
  2366 | D:3      | Reached skill level 6 in Ice Magic
  2557 | D:3      | Reached XP level 5. HP: 35/39 MP: 0/8
  2633 | D:3      | Reached skill level 1 in Fighting
  2915 | D:3      | Reached skill level 1 in Charms
  3178 | D:3      | Reached XP level 6. HP: 26/47 MP: 6/9
  4950 | D:5      | Entered Level 5 of the Dungeon
  4983 | D:5      | Reached skill level 7 in Ice Magic
  4983 | D:5      | Your scales start taking on a dull iron-grey colour.
  4983 | D:5      | Reached XP level 7. HP: 56/56 MP: 6/11
  4983 | D:5      | Gained mutation: You can survive without breathing. [Grey
                  | Draconian growth]
  5149 | D:5      | You fall into a shaft and drop 3 floors!
  5181 | D:8      | Got a steaming scimitar
  5185 | D:8      | Identified the +6 scimitar of Sunlight {freeze, *Rage rPois
                  | rF+ rN+} (You found it on level 8 of the Dungeon)
  5195 | D:8      | Found a shimmering blue altar of Sif Muna.
  5260 | D:7      | Noticed a hippogriff
  5269 | D:6      | Killed a hippogriff
  5269 | D:6      | Reached skill level 1 in Long Blades
  5336 | D:6      | Noticed Eustachio
  5471 | D:6      | Reached XP level 8. HP: 63/63 MP: 9/13
  5906 | D:5      | Reached skill level 8 in Ice Magic
  6146 | D:5      | Noticed Grinder
  6179 | D:5      | Paralysed by Grinder for 6 turns
  6193 | D:5      | Killed Grinder
  6498 | D:6      | Noticed Edmund
  6506 | D:6      | Killed Edmund
  6869 | D:6      | Killed an unseen horror
  6869 | D:6      | Reached skill level 5 in Fighting
  6869 | D:6      | Reached skill level 9 in Ice Magic
  6869 | D:6      | Reached XP level 9. HP: 58/74 MP: 6/16
  7008 | D:6      | Found a runed translucent door.
  7180 | D:6      | Reached skill level 5 in Spellcasting
  7292 | D:6      | Killed Eustachio
  7292 | D:6      | Reached skill level 1 in Shields
  7395 | D:6      | Reached skill level 5 in Dodging
  7609 | D:6      | Noticed Conn's ghost (novice DEWz)
  8072 | D:7      | Found a staircase to the Ecumenical Temple.
  8078 | Temple   | Entered the Ecumenical Temple
  8167 | Temple   | Became a worshipper of Vehumet
  8396 | D:7      | Reached skill level 10 in Ice Magic
  8893 | D:8      | Found a burning altar of Makhleb.
  8893 | D:8      | Noticed a balrug
  9066 | D:8      | Reached XP level 10. HP: 83/83 MP: 12/18
  9710 | D:8      | Reached * piety under Vehumet
  9710 | D:8      | Offered knowledge of Magic Dart by Vehumet.
  9755 | D:8      | Noticed a two-headed hydra
  9762 | D:8      | Killed a two-headed hydra
 10051 | D:9      | Found a sacrificial altar of Ru.
 10198 | D:9      | Noticed Psyche
 10439 | D:9      | Reached skill level 11 in Ice Magic
 10548 | D:9      | Found a glowing silver altar of Zin.
 10822 | D:9      | Found a shattered altar of Ashenzari.
 11070 | D:10     | Entered Level 10 of the Dungeon
 11312 | D:10     | Found a sparkling altar of Nemelex Xobeh.
 11501 | D:10     | Noticed kelmiir's ghost (journeyman GnFi)
 11504 | D:10     | Found a runed translucent door.
 11604 | D:10     | Reached XP level 11. HP: 92/92 MP: 21/21
 11665 | D:10     | Noticed a purple ugly thing
 11665 | D:10     | Noticed a brown ugly thing
 11665 | D:10     | Noticed a deep elf mage
 11671 | D:10     | Noticed a purple ugly thing
 11683 | D:10     | Killed a purple ugly thing
 11685 | D:10     | Killed a purple ugly thing
 11690 | D:10     | Killed a deep elf mage
 11690 | D:10     | Offered knowledge of Shock by Vehumet.
 11880 | D:10     | Reached ** piety under Vehumet
 11884 | D:10     | Killed a purple ugly thing
 11978 | D:10     | Noticed a two-headed ogre
 11987 | D:10     | Killed a two-headed ogre
 12056 | D:10     | Noticed an orc knight
 12075 | D:10     | Killed an orc knight
 12075 | D:10     | Reached skill level 12 in Ice Magic
 12545 | D:10     | Noticed a two-headed ogre
 12558 | D:10     | Killed a two-headed ogre
 13030 | D:10     | Offered knowledge of Ignite Poison by Vehumet.
 13091 | D:11     | Found Hittyoc's Distillery.
 13215 | D:11     | Reached skill level 1 in Evocations
 13282 | D:11     | Noticed Urug
 13282 | D:11     | Reached *** piety under Vehumet
 13585 | D:11     | Killed Urug
 13874 | D:11     | Offered knowledge of Static Discharge by Vehumet.
 13890 | D:11     | Found a roughly hewn altar of Beogh.
 13890 | D:11     | Found a staircase to the Orcish Mines.
 14030 | D:11     | Reached XP level 12. HP: 103/103 MP: 18/23
 14163 | D:11     | Noticed Erolcha
 14165 | D:11     | Paralysed by Erolcha for 3 turns
 14174 | D:11     | Killed Erolcha
 14199 | D:11     | Noticed a two-headed ogre
 14212 | D:11     | Killed a two-headed ogre
 14399 | D:11     | Found a staircase to the Lair.
 14952 | Lair:1   | Entered Level 1 of the Lair of Beasts
 14963 | Lair:1   | Noticed Nergalle
 14995 | Lair:1   | Killed Nergalle
 15071 | Lair:1   | Reached **** piety under Vehumet
 15660 | Lair:1   | Reached skill level 5 in Evocations
 15737 | Lair:1   | Offered knowledge of Stone Arrow by Vehumet.
 16428 | Lair:1   | Learned a level 2 spell: Blink
 16905 | Lair:2   | Reached skill level 1 in Translocations
 17120 | Lair:2   | You fall into a shaft and drop 2 floors!
 17129 | Lair:4   | Reached skill level 10 in Fighting
 17129 | Lair:4   | Reached skill level 5 in Long Blades
 17621 | Lair:2   | Found a hole to the Spider Nest.
 18224 | Lair:2   | Found a staircase to the Swamp.
 18226 | Lair:2   | You fall into a shaft and drop 1 floor!
 18226 | Lair:3   | Noticed a six-headed hydra
 18226 | Lair:3   | Noticed a five-headed hydra
 18226 | Lair:3   | Noticed a seven-headed hydra
 18226 | Lair:3   | Noticed a four-headed hydra
 18432 | Lair:3   | Reached XP level 13. HP: 106/113 MP: 19/25
 18846 | Lair:3   | Reached ***** piety under Vehumet
 18869 | Lair:3   | Offered knowledge of Freezing Cloud by Vehumet.
 18877 | Lair:3   | Learned a level 6 spell: Freezing Cloud
 19093 | Lair:3   | Reached skill level 1 in Conjurations
 19093 | Lair:3   | Reached skill level 1 in Air Magic
 20013 | D:11     | Bought a potion of experience for 800 gold pieces
 20013 | D:11     | Bought a potion of resistance for 160 gold pieces
 20018 | D:11     | Reached skill level 5 in Conjurations
 20018 | D:11     | Reached XP level 14. HP: 122/122 MP: 27/27
 21765 | Lair:5   | Noticed Josephine
 21869 | Lair:4   | Killed Josephine
 21869 | Lair:4   | Reached skill level 5 in Air Magic
 23633 | Lair:5   | Reached skill level 1 in Maces & Flails
 23946 | Lair:6   | Entered Level 6 of the Lair of Beasts
 24276 | Lair:6   | Found a viscous altar of Jiyva.
 24276 | Lair:6   | Found a staircase to the Slime Pits.
 24860 | Lair:6   | Reached XP level 15. HP: 88/130 MP: 8/28
 25522 | Lair:6   | Reached skill level 10 in Spellcasting
 25969 | Lair:6   | Found the +7 great mace "Undeadhunter" {disrupt, rN+}
 26108 | Lair:6   | Reached skill level 10 in Dodging
 26237 | Lair:6   | Noticed Kirke
 26449 | Lair:5   | Offered knowledge of Lightning Bolt by Vehumet.
 26611 | Lair:6   | Killed Kirke
 26676 | Lair:6   | Found a runed translucent gate.
 26676 | Lair:6   | Found a runed translucent gate.
 26680 | Lair:6   | Noticed Necrophagist's ghost (journeyman DsNe)
 26681 | Lair:6   | Found a runed translucent gate.
 28189 | Lair:6   | Identified the Papyrus of the Ashen Birds
 28624 | Orc:1    | Entered Level 1 of the Orcish Mines
 28626 | Orc:1    | Paralysed by an orc sorcerer for 3 turns
 28760 | Orc:2    | Entered Level 2 of the Orcish Mines
 28821 | Orc:2    | Found Assycze's Gadget Emporium.
 28822 | Orc:2    | Found Hiaschy's Antique Armour Emporium.
 29042 | Orc:1    | Learned a level 5 spell: Lightning Bolt
 30195 | Orc:2    | Found Moffiaph's Book Boutique.
 30206 | Orc:2    | Found Joedull's General Store.
 30283 | Orc:2    | Found a runed translucent door.
 30416 | Orc:2    | Found a staircase to the Elven Halls.
 30668 | Orc:2    | Found the +10 tower shield of Ignorance {rN+ Int-4}
 30680 | Orc:2    | Found a runed translucent door.
 30953 | Orc:1    | Reached skill level 5 in Maces & Flails
 32010 | D:12     | Found the +3 hat of Pondering {ponderous, MR+ MP+10 Int+5}
 32208 | D:12     | You fall into a shaft and drop 1 floor!
 32226 | D:13     | Reached skill level 10 in Conjurations
 32797 | D:13     | Reached XP level 16. HP: 69/139 MP: 30/30
 32816 | D:13     | Offered knowledge of Fireball by Vehumet.
 33750 | D:13     | Found a gate to the Vaults.
 34944 | D:14     | Learned a level 5 spell: Metabolic Englaciation
 35246 | D:14     | Offered knowledge of Ozocubu's Refrigeration by Vehumet.
 35254 | D:14     | Learned a level 6 spell: Ozocubu's Refrigeration
 35421 | D:15     | Entered Level 15 of the Dungeon
 36549 | D:15     | Found a staircase to the Depths.
 36983 | Swamp:1  | Entered Level 1 of the Swamp
 37056 | Swamp:1  | Reached skill level 13 in Ice Magic
 37527 | Swamp:1  | Offered knowledge of Iskenderun's Battlesphere by Vehumet.
 37708 | Swamp:1  | Noticed a tentacled monstrosity
 37726 | Swamp:1  | Killed a tentacled monstrosity
 38540 | Swamp:2  | Reached XP level 17. HP: 149/149 MP: 32/32
 38639 | Swamp:2  | Identified 3 scrolls of acquirement
 38639 | Swamp:2  | Identified the Incunabulum of the Oath and Flight (You
                  | acquired it on level 2 of the Swamp)
 38639 | Swamp:2  | Identified the ring of Hospitality {+Fly MP+9 Str+3} (You
                  | acquired it on level 2 of the Swamp)
 38639 | Swamp:2  | Identified the +0 cloak of Action {Str+2 Dex+2} (You
                  | acquired it on level 2 of the Swamp)
 39114 | Swamp:2  | Identified the cursed +0 tower shield "Catuw" {Dex+4}
 39114 | Swamp:2  | Noticed Louise
 39121 | Swamp:2  | Killed Louise
 40978 | Spider:1 | Entered Level 1 of the Spider Nest
 41095 | Spider:1 | Offered knowledge of Irradiate by Vehumet.
 41102 | Spider:1 | Learned a level 5 spell: Irradiate
 41233 | Spider:1 | Reached skill level 14 in Ice Magic
 43576 | Spider:2 | Offered knowledge of Chain Lightning by Vehumet.
 44003 | Spider:2 | Reached ****** piety under Vehumet
 44420 | Spider:3 | Reached XP level 18. HP: 159/159 MP: 34/34
 45428 | Spider:3 | Noticed Aizul
 45436 | Spider:3 | Killed Aizul
 45517 | Spider:4 | Entered Level 4 of the Spider Nest
 45875 | Swamp:4  | Entered Level 4 of the Swamp
 46140 | Swamp:4  | Reached skill level 15 in Ice Magic
 46681 | Swamp:4  | Offered knowledge of Fire Storm by Vehumet.
 46681 | Swamp:4  | Offered knowledge of Ignition by Vehumet.
 46681 | Swamp:4  | Offered knowledge of Absolute Zero by Vehumet.
 46697 | Swamp:4  | Reached skill level 10 in Air Magic
 47260 | Swamp:4  | Got a decaying rune of Zot
 48765 | Spider:2 | Identified Sif Muna's Catalogue of Lightness and Clay (You
                  | acquired it on level 2 of the Spider Nest)
 49183 | Spider:4 | Noticed Bai Suzhen
 49577 | Spider:4 | Reached XP level 19. HP: 168/168 MP: 35/35
 49616 | Spider:4 | Killed Bai Suzhen
 50376 | Spider:4 | Got a gossamer rune of Zot
 50579 | Vaults:1 | Entered Level 1 of the Vaults
 50592 | Vaults:1 | Noticed Donald
 50598 | Vaults:1 | Killed Donald
 50894 | Vaults:1 | Reached skill level 16 in Ice Magic
 52067 | Vaults:1 | Noticed Saint Roka
 52079 | Vaults:1 | Killed Saint Roka
 53285 | Vaults:2 | Reached skill level 15 in Fighting
 55546 | Vaults:2 | Reached XP level 20. HP: 163/178 MP: 20/37
 56112 | Vaults:3 | Reached skill level 17 in Ice Magic
 58162 | Vaults:3 | Found a staircase to the Crypt.
 58659 | Vaults:4 | Found Jeroig's Armour Emporium.
 59227 | Vaults:4 | Identified the Compendium of Earthen Slavery
 60054 | Vaults:4 | Reached skill level 18 in Ice Magic
 60554 | Vaults:4 | Found Yninuitu's Antique Weapon Shoppe.
 60981 | Elf:1    | Entered Level 1 of the Elven Halls
 61531 | Elf:1    | Reached XP level 21. HP: 183/188 MP: 16/39
 61984 | Elf:1    | Got a polished falchion
 61985 | Elf:1    | Identified the +3 falchion of Peril {vorpal, +Blink} (You
                  | found it on level 1 of the Elven Halls)
 62890 | Elf:1    | Found Plog's Weapon Boutique.
 63660 | Elf:2    | Found Hugeal's Book Shoppe.
 64763 | Elf:2    | Found a runed translucent gate.
 64763 | Elf:2    | Found a runed translucent gate.
 64769 | Elf:2    | Found a runed translucent gate.
 64850 | Elf:3    | Entered Level 3 of the Elven Halls
 65127 | Elf:3    | Identified the +6 glaive "Urid Udi" {vorpal, Int+4 SInv}
 65684 | Elf:3    | Identified the cursed +0 long sword of Havoc {flame, *Noise
                  | MP+9 Dex+6}
 65697 | Elf:3    | Reached skill level 15 in Spellcasting
 65788 | Elf:3    | Identified the ring of Wuikoggu {Fire Str+3 Int+3 Dex-3
                  | Stlth+}
 65809 | Elf:3    | Identified the amulet of Qucvuef {Regen+ Dex+4}
 66315 | Elf:3    | Identified the +7 short sword "Piojeim" {vorpal, *Slow rC-
                  | Str+7 SInv} (You found it on level 3 of the Elven Halls)
 66366 | Elf:3    | Learned a level 9 spell: Absolute Zero
 66414 | Elf:3    | Identified the +7 arbalest of Woe {vorpal, MR+} (You found
                  | it on level 3 of the Elven Halls)
 66807 | Elf:3    | Identified the +8 morningstar "Jyhu Eta" {vorpal, +Fly
                  | Str+7 Stlth-}
 67017 | Elf:3    | Reached skill level 19 in Ice Magic
 67372 | Depths:1 | Entered Level 1 of the Depths
 67506 | Depths:1 | Reached XP level 22. HP: 165/198 MP: 4/41
 67664 | Depths:1 | Found a gateway to Hell.
 68908 | Depths:1 | Found Xeguvid's Jewellery Shop.
 68909 | Depths:1 | Found Fusazom's Gadget Emporium.
 68909 | Depths:1 | Found Boor's Gadget Emporium.
 68917 | Depths:1 | Bought the ring of Fragile Peace {Fire SInv} for 543 gold
                  | pieces
 68950 | Depths:1 | Found a gateway to a ziggurat.
 69138 | Depths:1 | Found Camekoa's Magic Scroll Shop.
 69155 | Depths:1 | Bought a scroll of teleportation for 48 gold pieces
 69155 | Depths:1 | Bought a scroll of teleportation for 48 gold pieces
 69155 | Depths:1 | Bought a scroll of teleportation for 48 gold pieces
 69155 | Depths:1 | Bought 2 scrolls of teleportation for 96 gold pieces
 69155 | Depths:1 | Bought a scroll of teleportation for 48 gold pieces
 69155 | Depths:1 | Bought a scroll of teleportation for 48 gold pieces
 69982 | Depths:2 | Reached skill level 15 in Dodging
 70679 | Depths:2 | Noticed the Enchantress
 70683 | Depths:2 | Killed the Enchantress
 71256 | Depths:2 | Noticed Sojobo
 71270 | Depths:2 | Killed Sojobo
 71683 | Depths:2 | Found a one-way gate leading to the halls of Pandemonium.
 71872 | Depths:2 | Found a one-way gate to the infinite horrors of the Abyss.
 71937 | Depths:2 | Reached skill level 20 in Ice Magic
 72432 | Depths:3 | Reached XP level 23. HP: 193/206 MP: 36/43
 73104 | Depths:4 | Noticed Xtahua
 73110 | Depths:4 | Killed Xtahua
 73748 | Depths:4 | Noticed a caustic shrike
 73941 | Depths:5 | Entered Level 5 of the Depths
 74143 | Depths:5 | Noticed a juggernaut
 74150 | Depths:5 | Killed a juggernaut
 75006 | Depths:5 | Reached skill level 10 in Evocations
 76292 | Depths:4 | Found a hide-covered altar of Uskayaw.
 76292 | Depths:4 | Killed from afar by a tengu reaver

Levels and vault maps discovered:
D:1:      heliophobic_arrival_battle_scene, layout_loops_corners,
          minmay_tetromino_i2
D:2:      layout_basic, fedhas_altar_1, nicolae_qazlal_eye_of_the_storm
D:3:      layout_loops_ring, first_ration
D:4:      layout_loops_ring
D:5:      layout_gridville, hangedman_abyss_or_decor_stagger, uniq_grinder
D:6:      minmay_chambers_of_fours, layout_loops_ring,
          ebering_ghost_reflecting_pool, uniq_edmund, uniq_eustachio
D:7:      layout_cave_pools, minmay_temple_entry_arrows
D:8:      layout_cave_pools, led_sif_book, hangedman_ranch
          [blue_anna_fruit_fields], makhleb_altar_promises_db
D:9:      layout_irregular_city, lemuel_round_altar, lemuel_crystal_altar,
          basic_altar, uniq_psyche
D:10:     minmay_the_grid_net [minmay_the_grid_armoury,
          minmay_the_grid_outer_circle, minmay_the_grid_all_tris,
          minmay_the_grid_expand, minmay_the_grid_minigrid_small,
          minmay_the_grid_prize_trominoes], layout_rooms,
          hellmonk_ghost_happy_afterlife, basic_altar,
          hangedman_abyss_or_decor_jellyfish_corner
D:11:     layout_basic, due_lair_maze_entry_diamond, david_orc_5, serial_shops,
          shop_statue, uniq_erolcha, uniq_urug
D:12:     layout_cross, kennysheep_minor_cross
D:13:     layout_small_grid, david_vaults_3
D:14:     layout_loops_ring, solitary_fountain
D:15:     grunt_enter_depths_magical_seal, layout_rooms
Temple:   compressed_dpeg_circular_temple
Lair:1:   layout_long_grid, nzn_random_ring, serial_bayou_shore_a,
          infiniplex_staircase_pool_2, lemuel_fruit_fields, uniq_nergalle
Lair:2:   layout_regular_city, nicolae_swamp_entry_splash_gauntlet,
          spider_nest_entry_a, beast_lair_carwin_10
Lair:3:   lemuel_reptile_caves, layout_chaotic_city, grunt_megastairs_4
Lair:4:   layout_gridlike, grunt_forest_large_clearing_hut
Lair:5:   layout_long_grid, uniq_josephine
Lair:6:   due_jungle_book, layout_cellular_growth, slime_altar_1,
          gammafunk_ghost_hydra_chop, serial_forest, infiniplex_forest_lined_2,
          infiniplex_forest_lined_corner, infiniplex_forest_end_1,
          infiniplex_forest_clump_diagonal, infiniplex_forest_zigzag_1,
          infiniplex_forest_end_3, infiniplex_forest_clump_double, uniq_kirke
Swamp:1:  cheibrodos_swamp_monstrosity, layout_basic_swamp,
          evilmike_swamp_ruin_house_6
Swamp:2:  layout_basic_swamp, nicolae_swamp_trees_clearing, swamp_pool2,
          hangedman_swamp_lotus, st_swamp_mini, uniq_louise
Swamp:3:  layout_basic_swamp, evilmike_swamp_ruin_house_5, swamp_pool5
Swamp:4:  swamp_basic_johnstein, layout_basic_swamp, swamp_pool3,
          evilmike_swamp_ruin_rubble_1
Spider:1: layout_chambers
Spider:2: layout_spider_delve
Spider:3: layout_spider_delve, spiders_nest_hornet_nest, uniq_aizul
Spider:4: grunt_spider_rune_circles, drop_trap, uniq_bai_suzhen
Orc:1:    layout_diamond_mine
Orc:2:    st_orc_open, layout_diamond_mine, chequers_guarded_unrand_ignorance
Elf:1:    minmay_elf_arrival_circle, layout_loops_corners, serial_shops, shop,
          evilmike_minifort, serial_sigils_hangedman_gut
Elf:2:    layout_geoelf_grid, serial_shops, shop, nicolae_elf_big_sculpture_2,
          uniq_azrael
Elf:3:    grunt_elf_hall_diamonds, layout_geoelf_castle, special_room
          [special_room_mythical_zoo], hex_tiny
Vaults:1: ontoclasm_vaults_ring_small, hangedman_vaults_variations, st_lines,
          vaults_mumra_chevron_long, nicolae_vaults_little_ls,
          nicolae_vaults_little_squares_2, nicolae_vaults_diagonal_hallway_8,
          layout_vaults_chaotic_city, uniq_donald, uniq_saint_roka
Vaults:2: v_misc_24, ontoclasm_vaults_chip, st_quartered_hall, v_misc_3,
          vaults_room_pools, vaults_dpeg_hooks, hangedman_vaults_unwind,
          ontoclasm_vaults_loading_screen, hangedman_vaults_nails,
          ontoclasm_vaults_tryst, vaults_standard_mumra_lines, v_pattern_1,
          layout_vaults_ring
Vaults:3: minmay_crypt_entry_simple_walls, v_misc_22, v_misc_10, v_pattern_5,
          v_misc_3, vaults_standard_mumra_x, hangedman_vaults_stitches,
          v_misc_11, layout_vaults_omnibox
Vaults:4: ontoclasm_vaults_chip, v_alt_pattern_2, vaults_dpeg_encased_lava,
          nicolae_vaults_asterisk, nicolae_vaults_stairing_the_circle,
          dpeg_vaults_monster_box, dpeg_vaults_monster_row,
          layout_vaults_omnigrid, serial_shops, nicolae_shop_window_shopping
Depths:1: layout_cave_shapes, enter_ziggurat_f, serial_shops, shop,
          glass_columns_c, hell_entry, kennysheep_opposing_triangles,
          serial_bayou_shore_b, minmay_shop_grove, grunt_megastairs_3
Depths:2: cross_vault, layout_gridville, abyss_entry_small_statue_room,
          grunt_pan_entry_zigzag, grunt_hell_horde,
          minmay_misc_feat_four_crosses, minmay_staircase_statues_hall_small,
          uniq_enchantress, uniq_sojobo
Depths:3: minmay_inside_and_out, layout_cave_pools, pf_coc_iceberg,
          minmay_large_rounded_square, grunt_pan_entry_spiral, chequers_jeans,
          hangedman_decor_slide_cut, drop_trap
Depths:4: regret_index_uskayaw_diablada_macabre, layout_cave_pools,
          minmay_misc_feat_iff, hangedman_geh_valley, abyss_entry, uniq_xtahua
Depths:5: grunt_zot_entry_bicorn, layout_cave_pools, hell_entry,
          serial_column_ruins, column_ruins_corridor_straight,
          column_ruins_columns_straight, column_ruins_open_medium_water,
          serial_bayou_pond_e, kb_rosetta

Skill      XL: |  1  2  3  4  5  6  7  8  9 10 11 12 13 14 15 16 17 18 19 20 21 22 23 |
---------------+----------------------------------------------------------------------+-----
Ice Magic      | 5 6 7 9 10 11 12 13 14 15 16 18 19 20 | 20.8
Fighting       | 1 2 3 5 6 7 8 10 11 12 13 14 15 16 17 18 | 18.1
Dodging        | 2 3 4 5 6 7 8 9 10 11 12 13 14 15 | 15.7
Charms         | 1 2 |  2.0
Spellcasting   | 3 4 5 6 7 8 9 10 11 12 13 14 15 16 17 | 17.3
Long Blades    | 1 2 5 |  5.9
Shields        | 2 4 |  4.0
Evocations     | 2 5 7 9 10 | 10.0
Translocations | 2 3 |  3.0
Conjurations   | 5 7 10 11 12 | 12.0
Air Magic      | 4 6 7 9 10 11 | 11.9
Maces & Flails | 2 5 6 |  6.0
Stealth        | |  1.7

Action                   |  1- 3 |  4- 6 |  7- 9 | 10-12 | 13-15 | 16-18 | 19-21 | 22-24 || total
-------------------------+-------+-------+-------+-------+-------+-------+-------+-------++-------
Melee: Short sword       |    15 |       |       |       |       |       |       |       ||    15
       Dagger            |       |    20 |   149 |   145 |    21 |       |       |       ||   335
       Tailslap          |       |     2 |    31 |    42 |    32 |    92 |    42 |    12 ||   253
       Scimitar          |       |       |    71 |    43 |       |       |       |       ||   114
       Hand axe          |       |       |       |    77 |       |       |       |       ||    77
       Demon whip        |       |       |       |       |   225 |   643 |   335 |    67 ||  1270
       Unarmed           |       |       |       |       |     5 |       |       |       ||     5
       Staff             |       |       |       |       |       |     4 |     4 |     4 ||    12
 Fire: Hunting sling     |    30 |    71 |       |       |       |       |       |       ||   101
Throw: Dart              |     8 |       |       |     1 |       |       |     1 |       ||    10
 Cast: Freeze            |    40 |    69 |    90 |   384 |   800 |   147 |    20 |    15 ||  1565
       Frozen Ramparts   |       |     8 |    22 |    77 |   124 |    42 |     1 |     4 ||   278
       Ozocubu's Armour  |       |     2 |     6 |    47 |   111 |    60 |    21 |     7 ||   254
       Freezing Cloud    |       |       |       |       |    19 |   269 |   231 |    40 ||   559
       Lightning Bolt    |       |       |       |       |     5 |     9 |    27 |    98 ||   139
       Ozocubu's Refrige |       |       |       |       |       |   196 |   529 |   389 ||  1114
       Blink             |       |       |       |       |       |     3 |       |     1 ||     4
       Metabolic Englaci |       |       |       |       |       |     2 |       |       ||     2
       Irradiate         |       |       |       |       |       |       |     8 |     4 ||    12
Evoke: Wand              |       |       |       |     9 |    26 |    10 |     8 |     8 ||    61
       Phial of floods   |       |       |       |     1 |       |       |     1 |       ||     2
       Box of beasts     |       |       |       |     1 |       |       |       |       ||     1
  Use: Scroll            |       |    11 |     2 |    14 |     5 |    11 |    16 |     7 ||    66
       Potion            |       |       |       |       |     2 |     1 |     6 |     1 ||    10
 Stab: Sleeping          |     2 |     1 |     1 |     1 |       |       |       |       ||     5
       Distracted        |       |       |       |     1 |     1 |       |       |       ||     2
  Eat: Chunk             |     3 |    12 |    15 |    23 |    39 |    90 |    46 |    26 ||   254
       Ration            |       |       |     1 |     3 |     4 |    22 |     7 |     1 ||    38
Armor: Skin              |    17 |    21 |   139 |   252 |   409 |   413 |   194 |    92 ||  1537
Dodge: Dodged            |    21 |    39 |   185 |   398 |   732 |   697 |   252 |   146 ||  2470
       Repelled          |       |       |       |       |       |       |     4 |    15 ||    19
Block: Buckler           |       |       |    21 |   160 |   251 |   270 |   114 |    47 ||   863
       Rpst.: Scimitar   |       |       |    12 |     9 |       |       |       |       ||    21

Table legend:
 A = Non-vault XP
 B = Vault XP
 C = Vault XP percentage of total XP
 D = Non-vault monster count
 E = Vault monster count
 F = Vault count percentage of total count
                 A         B        C        D         E       F
            +---------+---------+-------+---------+---------+-------
      Total |  583014 |  350582 |  37.6 |    1371 |     538 |  28.2
            +---------+---------+-------+---------+---------+-------
        D:1 |      30 |       4 |  11.8 |      18 |       2 |  10.0
        D:2 |      92 |       0 |   0.0 |      18 |       0 |   0.0
        D:3 |     271 |       0 |   0.0 |      30 |       0 |   0.0
        D:4 |     316 |       0 |   0.0 |      14 |       0 |   0.0
        D:5 |     681 |     277 |  28.9 |      26 |       1 |   3.7
        D:6 |    1119 |    1184 |  51.4 |      26 |       5 |  16.1
        D:7 |     799 |       0 |   0.0 |      17 |       0 |   0.0
        D:8 |    1369 |    2142 |  61.0 |      19 |       8 |  29.6
        D:9 |    1062 |       0 |   0.0 |      18 |       0 |   0.0
       D:10 |    4841 |    4468 |  48.0 |      39 |      21 |  35.0
       D:11 |    4845 |    3841 |  44.2 |      22 |      33 |  60.0
       D:12 |    3768 |       0 |   0.0 |      22 |       0 |   0.0
       D:13 |   12287 |    6302 |  33.9 |      52 |      20 |  27.8
       D:14 |    7618 |       0 |   0.0 |      41 |       0 |   0.0
       D:15 |   14456 |    4399 |  23.3 |      35 |       8 |  18.6
     Temple |      93 |       0 |   0.0 |       1 |       0 |   0.0
     Lair:1 |    3343 |    2847 |  46.0 |      16 |      10 |  38.5
     Lair:2 |    1139 |    2870 |  71.6 |       4 |      18 |  81.8
     Lair:3 |    7392 |    4629 |  38.5 |      18 |      35 |  66.0
     Lair:4 |    4142 |    3500 |  45.8 |      22 |       8 |  26.7
     Lair:5 |    9657 |     756 |   7.3 |      32 |       4 |  11.1
     Lair:6 |   20167 |    5281 |  20.8 |      47 |       7 |  13.0
    Swamp:1 |   13268 |    2932 |  18.1 |      44 |       1 |   2.2
    Swamp:2 |   11729 |    4731 |  28.7 |      29 |       5 |  14.7
    Swamp:3 |   22755 |     390 |   1.7 |      40 |       3 |   7.0
    Swamp:4 |   17452 |   26279 |  60.1 |      48 |      34 |  41.5
   Spider:1 |   15226 |       0 |   0.0 |      48 |       0 |   0.0
   Spider:2 |   24644 |       0 |   0.0 |      71 |       0 |   0.0
   Spider:3 |   11292 |    3077 |  21.4 |      34 |       6 |  15.0
   Spider:4 |   15848 |   28015 |  63.9 |      39 |      38 |  49.4
      Orc:1 |     681 |    1010 |  59.7 |      11 |       3 |  21.4
      Orc:2 |    2388 |   14810 |  86.1 |      22 |      34 |  60.7
      Elf:1 |   21802 |    9139 |  29.5 |      33 |      16 |  32.7
      Elf:2 |   19322 |    1799 |   8.5 |      23 |       2 |   8.0
      Elf:3 |   16371 |   52288 |  76.2 |      26 |      43 |  62.3
   Vaults:1 |    4023 |   17315 |  81.1 |       9 |      30 |  76.9
   Vaults:2 |   38914 |   25676 |  39.8 |      56 |      32 |  36.4
   Vaults:3 |   29144 |   13428 |  31.5 |      55 |      21 |  27.6
   Vaults:4 |   28057 |   25124 |  47.2 |      38 |      31 |  44.9
   Depths:1 |   52519 |    7902 |  13.1 |      59 |      11 |  15.7
   Depths:2 |   46461 |   35710 |  43.5 |      65 |      27 |  29.3
   Depths:3 |   15485 |    2488 |  13.8 |       9 |       3 |  25.0
   Depths:4 |   24845 |    4813 |  16.2 |      28 |       2 |   6.7
   Depths:5 |   51301 |   31156 |  37.8 |      47 |      16 |  25.4
            +---------+---------+-------+---------+---------+-------
